 Dungeon Crawl Stone Soup version 0.27-a0-972-gd1521fd518 (webtiles) character file.

Game seed: 6654787009819866303

9 Alarkh the Insei (level 2, 17/21 HPs)
             Began as a Demonspawn Transmuter on Apr 13, 2021.
             Got out of the dungeon alive.
             The game lasted 00:00:11 (149 turns).

Alarkh the Insei (Demonspawn Transmuter)             Turns: 149, Time: 00:00:11

Health: 17/21      AC:  2    Str: 10    XL:     2   Next: 3%
Magic:  5/5        EV: 12    Int: 14    God:
Gold:   0          SH:  0    Dex: 13    Spells: 4/5 levels left

rFire    . . .     SeeInvis .     - Unarmed
rCold    . . .     Faith    .   (no shield)
rNeg     . . .     Spirit   .   a - +0 robe
rPois    .         Reflect  .   (no helmet)
rElec    .         Harm     .   (no cloak)
rCorr    .         Rampage  .   (no gloves)
Will     .....                  (no boots)
Stlth    +.........             (no amulet)
HPRegen  0.07/turn              (no ring)
MPRegen  0.09/turn              (no ring)

@: no status effects
A: talons 1
a: no special abilities


You escaped.
You visited 1 branch of the dungeon, and saw 1 of its levels.

Inventory:

Armour
 a - a +0 robe (worn)


   Skills:
 + Level 1.2 Fighting
 - Level 1.7 Dodging
 * Level 2.9 Unarmed Combat
 + Level 2.1 Spellcasting
 + Level 1.9 Transmutations


You had 4 spell levels left.
You knew the following spells:

 Your Spells              Type           Power      Damage    Failure   Level
a - Beastly Appendage     Tmut           14%        N/A       11%         1

Your spell library contained the following spells:

 Spells                   Type           Power      Damage    Failure   Level
 Wereblood                Tmut           7%         N/A       16%         2
 Spider Form              Tmut/Pois      2%         N/A       43%         3
 Ice Form                 Ice/Tmut       4%         N/A       83%         4
 Hydra Form               Tmut           3%         N/A       96%         5


Dungeon Overview and Level Annotations

Branches:
Dungeon (1/15)

Altars:


Innate Abilities, Weirdness & Mutations

You have sharp toenails.


Message History

No target in view!
Things that are here:
a +0 club; a goblin corpse A bat comes into view.
The bat moves out of view.
The bat hits you.
Your magical contamination has completely faded away.
A bat is nearby!
Casting: Beastly Appendage (safe; 11% risk of failure)
Confirm with . or Enter, or press ? or * to list all spells.
You grow a pair of large bovine horns.
Your feet morph into talons.
The bat hits you.
Unknown command.
A frilled lizard comes into view.
The bat hits you.
Found a faded altar of an unknown god.
The bat barely misses you.
Found 12 gold pieces.
The bat hits you but does no damage. The bat closely misses you.
You barely miss the bat. The bat hits you but does no damage.
The bat closely misses you.
The frilled lizard bites you but does no damage.
You hit the frilled lizard.
You kill the frilled lizard!
The bat barely misses you.
You have reached level 2!
Your demonic ancestry asserts itself...
Your mutations feel more permanent.
You hit the bat.
You kill the bat!
Unknown command.
Your transformation is almost over.
Things that are here:
a +0 club; a goblin corpse
There is an escape hatch in the floor here.
Your horns disappear.
Your talons shrink.
You see here 22 stones.
There is a staircase leading out of the dungeon here.
Are you sure you want to leave the Dungeon?
This will make you lose the game!
You have escaped!

####+## ... ......#
....+ ......# #####....#
...(..# #.........
####..# #.........
.##...# #.........
.##..##########.....♣...
†##................8....
.##........###..@.......
..#........# ##.........
...........# #.........
........#### #.........
.....##.# ##########
.....##.# .....##.#
.....##.# .....##.#


There were no monsters in sight!

Vanquished Creatures
  A ball python (D:1)
  2 bats (D:1)
  2 endoplasms (D:1)
  A goblin (D:1)
  2 frilled lizards (D:1)
8 creatures vanquished.

Notes
Turn   | Place    | Note
-------+----------+-------------------------------------------
     0 | D:1      | Alarkh the Demonspawn Transmuter began the quest for the
                  | Orb.
     0 | D:1      | Reached XP level 1. HP: 15/15 MP: 3/3
    95 | D:1      | Found a faded altar of an unknown god.
   101 | D:1      | Mutation became permanent: You have sharp toenails.
                  | [demonic ancestry]
   101 | D:1      | Gained mutation: You have razor-sharp toenails. [demonic
                  | ancestry]
   101 | D:1      | Reached XP level 2. HP: 14/21 MP: 3/5
   149 | D:$      | Got out of the dungeon alive.

Illustrated notes

Levels and vault maps discovered:
D:1:      wander_arrival_lonely_grave, layout_basic,
          hellmonk_ecumenical_altar_arch_garden

Action                   || total
-------------------------++-------
Melee: Unarmed           ||    14
       Kick              ||     1
       Punch             ||     1
 Cast: Beastly Appendage ||     3
Armor: Robe              ||     4
Dodge: Dodged            ||     8

Table legend: (Time is in decaauts)
 A = Elapsed time spent in this place.
 B = Non-inter-level travel time spent in this place.
 C = Inter-level travel time spent in this place.
 D = Time resting spent in this place.
 E = Time spent auto-exploring this place.
 F = Levels seen in this place.
 G = Mean time per level.
                   A        B        C        D        E       F      G
               +--------+--------+--------+--------+--------+-----+--------+
         Total |    148 |    102 |     46 |      0 |     66 |   1 |  148.0 |
       Dungeon |    148 |    102 |     46 |      0 |     66 |   1 |  148.0 |
               +--------+--------+--------+--------+--------+-----+--------+

Top non-repeatable levels by time:
     D:1: 148 daAuts
